 Dungeon Crawl Stone Soup version 0.23.2-33-g5129a83 (webtiles) character file.

Game seed: 8948805624292046752

126 Dharzhak the Covered (level 4, 5/41 HPs)
             Began as a Minotaur Fighter on July 31, 2019.
             Quit the game on level 4 of the Dungeon.
             The game lasted 00:06:37 (2576 turns).

Dharzhak the Covered (Minotaur Fighter)             Turns: 2576, Time: 00:06:37

Health: 5/41       AC:  8    Str: 19 (21) XL:     4   Next: 83%
Magic:  3/3        EV:  7    Int:  3 (5)  God:
Gold:   127        SH: 10    Dex:  8 (10) Spells: 3/3 levels left

rFire    . . .     SeeInvis .   a - +0 war axe
rCold    . . .     Gourm    .   c - +1 shield
rNeg     . . .     Faith    .   b - +0 scale mail
rPois    .         Spirit   .   (helmet restricted)
rElec    .         Reflect  .   (no cloak)
rCorr    .         Harm     .   l - +0 pair of gloves
MR       .....                  (no boots)
Stlth    ..........             (no amulet)
HPRegen  0.13/turn              (no ring)
MPRegen  0.08/turn              (no ring)

@: no status effects
A: retaliatory headbutt, horns 2
a: no special abilities


You were on level 4 of the Dungeon.
You were not hungry.

You visited 1 branch of the dungeon, and saw 4 of its levels.

You collected 127 gold pieces.

Inventory:

Hand Weapons
 a - a +0 war axe (weapon)
Armour
 b - a +0 scale mail (worn)
 c - a +1 shield (worn)
 l - a +0 pair of gloves (worn)
Scrolls
 e - a scroll of immolation {unknown}
 h - a scroll of enchant armour
 i - a scroll of remove curse
 j - a scroll of magic mapping {unknown}
 m - 3 scrolls of teleportation
 o - a scroll of amnesia {unknown}
 q - 2 scrolls of identify {unknown}
 r - a scroll of noise {unknown}
 s - a scroll of blinking {unknown}
Potions
 d - a potion of might
 g - a potion of degeneration
 n - a potion of brilliance {unknown}
 p - 2 potions of heal wounds {unknown}
 t - a potion of mutation {unknown}
 u - a potion of agility
Comestibles
 f - 7 rations
 k - 2 chunks of flesh


   Skills:
 + Level 4.3 Fighting
 + Level 4.4 Axes
 + Level 4.4 Armour
 + Level 0.5 Dodging
 + Level 4.3 Shields


You had 3 spell levels left.
You didn't know any spells.
Your spell library was empty.

Dungeon Overview and Level Annotations

Branches:
Dungeon (4/15)
 Temple: D:4-7

Altars:
Kikubaaqudgha

Annotations:
D:4 Eustachio


Innate Abilities, Weirdness & Mutations

You reflexively headbutt those who attack you in melee.
You have a pair of horns on your head.


Message History

The quasit bites you but does no damage.
You block the quasit's attack. The quasit closely misses you.
The white imp gestures at you. The puff of frost misses you.
The puff of frost hits Eustachio.
Eustachio mumbles some strange words.
Eustachio blinks!
The white imp gestures at you. The puff of frost hits you!
* * * LOW HITPOINT WARNING * * *
You block the quasit's attack.
The quasit claws you but does no damage. x2
Eustachio casts a spell.
Eustachio blinks!
It was a potion of degeneration.
There was something very wrong with that liquid.
You feel weakened.
You feel dopey.
You feel clumsy.
The quasit bites you but does no damage.
The quasit claws you but does no damage.
The quasit barely misses you.
Are you sure you want to abandon this character and quit the game? (Confirm with "yes".)

####### #(....#
#.....#
..........#.....#
..........#.....##
..........#.@....#####
....... #..5@.......
.....# #..5?.######
#...# #§....#
#...###§....#
#...#.......#
#..<..####### #.#...#
#.#...### ##
#.......###..


You could see Eustachio, a quasit and a white imp.

Vanquished Creatures
  5 adders
  2 worms (D:2)
  2 dart slugs
  6 leopard geckos
  7 giant cockroaches
  8 goblins
  8 hobgoblins
  2 quokkas
  6 bats
  2 frilled lizards
  10 kobolds
  6 rats
64 creatures vanquished.

Notes
Turn   | Place    | Note
-------+----------+-------------------------------------------
     0 | D:1      | Dharzhak the Minotaur Fighter began the quest for the Orb.
     0 | D:1      | Reached XP level 1. HP: 19/19 MP: 0/0
    44 | D:1      | Reached XP level 2. HP: 24/27 MP: 1/1
   619 | D:1      | Reached XP level 3. HP: 33/33 MP: 2/2
   835 | D:2      | Found an ancient bone altar of Kikubaaqudgha.
  1226 | D:2      | Reached XP level 4. HP: 7/40 MP: 3/3
  2556 | D:4      | Noticed Eustachio
  2576 | D:4      | Quit the game

Skill      XL: |  1  2  3  4 |
---------------+-------------+-----
Fighting       | 4 |  4.3
Armour         | 4 |  4.4
Shields        | 4 |  4.3
Axes           | 3 4 |  4.4
Dodging        | |  0.5

Action                   |  1- 3 |  4- 6 || total
-------------------------+-------+-------++-------
Melee: War axe           |    87 |    59 ||   146
       Headbutt          |    14 |     8 ||    22
  Use: Potion            |     2 |     1 ||     3
       Scroll            |       |     3 ||     3
  Eat: Chunk             |     1 |     4 ||     5
Armor: Scale mail        |    47 |    40 ||    87
Dodge: Dodged            |    39 |    28 ||    67
Block: Shield            |    57 |    40 ||    97
